AoeStats
← H. Bat'z

Arena

509553255Analyzed
4v4 RM · 6d ago on Sep 27, 2026· 43m 46s· 8 players
Game mode
Random Map
Map size
Large (8 player)
Population
200
Speed
Normal
Resources
Standard
Victory
Conquest
Starting age
Dark Age
Ending age
Imperial Age
RankedLock teamsTeams togetherTeam positionsShared explorationLock speedFull tech treeHidden civsTurbo modeCheats
Victory
Defeat
🇳🇮 Teutons · Nicaragua
1079
+13
🇺🇸 Bohemians · United States
1055
+14
🇹🇷 Danes · Türkiye
1033
+14
🇪🇸 Teutons · Spain
1018
+15
🇲🇽 Danes · Mexico
1389
-26
🇲🇽 Goths · Mexico
1121
-19
🇲🇽 Teutons · Mexico
751
-6
🇲🇽 Muisca · Mexico
739
-5
Finn The Human
10:17 Feudal Age
14:35 Castle Age
13:09 Double-Bit Axe
13:16 Horse Collar
15:37 Bow Saw
15:27 Loom
19:39 Scale Mail Armor
21:51 Forging
30:45 Chain Mail Armor
31:15 Squires
31:01 Gambesons
33:16 Wheelbarrow
38:37 Imperial Age
36:24 Hand Cart
39:04 Onager
40:28 Siege Engineers
41:26 Chemistry
40:17 Fletching
41:09 Plate Mail Armor
42:20 Siege Onager
MYTH NICAZ
11:03 Feudal Age
13:05 Double-Bit Axe
15:33 Castle Age
14:04 Horse Collar
18:45 Fervor
19:54 Wheelbarrow
19:30 Bow Saw
20:02 Sanctity
22:53 Hand Cart
22:25 Town Watch
22:50 Loom
23:22 Heavy Plow
30:08 Imperial Age
28:56 Chemistry
28:17 Ballistics
29:45 Scale Mail Armor
29:56 Forging
30:10 Masonry
31:37 Conscription
31:33 Chain Mail Armor
31:54 Iron Casting
34:00 Fletching
34:46 Architecture
35:57 Hussite Reforms
35:13 Elite Hussite Wagon
36:01 Wagenburg Tactics
36:39 Padded Archer Armor
36:35 Bodkin Arrow
37:11 Plate Mail Armor
37:41 Blast Furnace
37:08 Fortified Wall
37:03 Siege Engineers
39:02 Coinage
39:22 Town Patrol
39:23 Bracer
39:38 Leather Archer Armor
39:42 Pikeman
41:36 Banking
41:47 Scale Barding Armor
42:53 Halberdier
44:04 Ring Archer Armor
43:55 Chain Barding Armor
churre13
11:31 Feudal Age
11:52 Horse Collar
17:13 Castle Age
16:33 Double-Bit Axe
18:20 Bloodlines
18:47 Wheelbarrow
28:20 Imperial Age
26:06 Town Watch
26:36 Bow Saw
27:05 Hand Cart
26:53 Gold Mining
29:33 Scale Barding Armor
29:38 Forging
30:35 Conscription
29:38 Cavalier
31:06 Chain Barding Armor
33:50 Plate Barding Armor
35:18 Paladin
38:31 Iron Casting
39:11 Ironclad
Wgonzalez079389
9:55 Feudal Age
10:26 Double-Bit Axe
14:49 Wheelbarrow
14:22 Horse Collar
17:58 Castle Age
16:25 Gold Mining
16:58 Stone Mining
19:37 Hand Cart
19:45 Bow Saw
19:37 Heavy Plow
20:45 Loom
25:03 Bloodlines
26:33 Forging
26:30 Scale Barding Armor
34:39 Chain Barding Armor
34:55 Iron Casting
38:03 Ironclad
37:54 Town Watch
41:04 Imperial Age
42:11 Conscription
41:50 Elite Teutonic Knight
44:35 Crenellations
tails034
0:58 Loom
12:19 Feudal Age
12:59 Horse Collar
13:30 Double-Bit Axe
19:10 Castle Age
17:29 Stone Mining
19:08 Gold Mining
20:52 Heavy Plow
21:07 Bow Saw
21:53 Wheelbarrow
23:24 Fletching
23:53 Crossbowman
28:27 Forging
29:36 Town Watch
30:45 Pikeman
31:27 Squires
31:54 Scale Mail Armor
31:50 Bodkin Arrow
32:32 Iron Casting
36:18 Imperial Age
34:32 Ballistics
35:16 Hand Cart
37:07 Town Patrol
38:33 Fortified Wall
39:26 Chemistry
39:31 Blast Furnace
38:38 Scale Barding Armor
38:48 Chain Mail Armor
38:34 Padded Archer Armor
40:35 Crop Rotation
41:09 Two-Man Saw
40:48 Stone Shaft Mining
40:58 Cavalier
41:51 Bloodlines
41:49 Halberdier
42:15 Gambesons
42:15 Arson
H. Bat'z
3:09 Loom
11:17 Feudal Age
12:19 Horse Collar
12:44 Double-Bit Axe
19:53 Castle Age
18:48 Scale Mail Armor
19:45 Forging
19:59 Champi Runner
22:18 Chain Mail Armor
22:05 Squires
22:12 Gold Mining
21:48 Pikeman
24:00 Wheelbarrow
25:25 Gold Shaft Mining
24:44 Champi Warrior
26:04 Iron Casting
25:35 Stone Mining
28:02 Heavy Plow
28:57 Ballistics
28:34 Murder Holes
41:30 Hand Cart
45:43 Imperial Age
Humberto.sdk
11:28 Feudal Age
15:57 Castle Age
13:50 Horse Collar
14:02 Double-Bit Axe
16:00 Wheelbarrow
22:35 Heavy Plow
22:52 Bow Saw
24:54 Hand Cart
26:07 Gold Mining
28:55 Imperial Age
26:25 Gold Mining
27:26 Loom
28:28 Town Watch
28:56 Forging
28:46 Scale Mail Armor
28:48 Stone Mining
30:14 Iron Casting
30:04 Ballistics
30:44 Chemistry
30:29 Stone Shaft Mining
31:28 Chain Mail Armor
31:33 Pikeman
32:14 Squires
33:17 Blast Furnace
32:11 Fletching
32:21 Padded Archer Armor
33:00 Conscription
32:48 Perfusion
32:48 Bodkin Arrow
32:30 Halberdier
33:07 Elite Huskarl
35:02 Two-Man Saw
34:21 Leather Archer Armor
34:11 Bracer
34:19 Scale Barding Armor
34:31 Masonry
34:18 Murder Holes
33:52 Man-at-Arms
34:56 Long Swordsman
35:11 Two-Handed Swordsman
37:12 Ring Archer Armor
40:38 Champion
41:49 Scale Barding Armor
42:04 Bloodlines
41:15 Light Cavalry
DarkSIde1405
10:03 Feudal Age
13:57 Castle Age
13:19 Double-Bit Axe
13:16 Horse Collar
16:22 Scale Mail Armor
19:05 Arson
20:14 Chain Mail Armor
20:55 Squires
22:45 Forging
22:30 Loom
26:03 Gold Mining
29:19 Wheelbarrow
35:25 Imperial Age
33:35 Heavy Plow
35:46 Hand Cart
36:11 Bow Saw
37:08 Elite Jomsviking
38:10 Conscription
38:22 Plate Mail Armor
39:26 Iron Casting
Connection lost

Rejoining the realm…

Still unreachable

The connection could not be restored.

Session expired

The server has moved on; the page needs a fresh start.